 Dungeon Crawl Stone Soup version 0.21-a0-471-gd587bd5 (webtiles) character file.

252 graki42 the Magician (level 5, -27/28 HPs)
             Began as a Deep Elf Fire Elementalist on Nov 21, 2017.
             Killed from afar by an adder (52 damage)
             ... with an exploding inner flame
             ... hexed by the player character
             ... on level 3 of the Dungeon.
             The game lasted 00:07:41 (3013 turns).

graki42 the Magician (Deep Elf Fire Elementalist)   Turns: 3013, Time: 00:07:41

Health: -27/28     AC:  2    Str:  6    XL:     5   Next: 89%
Magic:  16/23      EV: 13    Int: 20    God:
Gold:   123        SH:  0    Dex: 15    Spells: 3/14 levels left

rFire    . . .     SeeInvis .   (no weapon)
rCold    . . .     Gourm    .   (no shield)
rNeg     . . .     Faith    .   a - +0 robe
rPois    .         Spirit   .   (no helmet)
rElec    .         Reflect  .   (no cloak)
rCorr    .         Harm     .   (no gloves)
MR       .....                  (no boots)
Stlth    ++........             (no amulet)
HPRegen  0.09/turn              l - ring of magical power
MPRegen  0.18/turn              (no ring)

@: no status effects
A: no striking features
a: no special abilities


You were on level 3 of the Dungeon.
You were not hungry.

You visited 1 branch of the dungeon, and saw 4 of its levels.

You collected 123 gold pieces.

Inventory:

Armour
 a - a +0 robe (worn)
Jewellery
 l - a ring of magical power (left hand)
Scrolls
 e - a scroll of magic mapping {unknown}
 f - 2 scrolls of blinking {unknown}
 g - 5 scrolls of remove curse {unknown}
 h - 6 scrolls of identify {unknown}
 j - a scroll of fog {unknown}
 n - a scroll of fear {unknown}
 p - a scroll of teleportation {unknown}
Potions
 i - a potion of mutation {unknown}
 m - a potion of haste {unknown}
 o - a potion of invisibility {unknown}
 q - a potion of agility {unknown}
Books
 b - a book of Flames

   Spells                             Type                      Level
   a - Flame Tongue                   Conjuration/Fire             1
   b - Throw Flame                    Conjuration/Fire             2
   c - Conjure Flame                  Conjuration/Fire             3
   d - Inner Flame                    Hexes/Fire                   3
   e - Sticky Flame                   Conjuration/Fire             4
   f - Fireball                       Conjuration/Fire             5
Comestibles
 c - 3 bread rations
 d - a royal jelly
 k - a meat ration


   Skills:
 + Level 0.5 Fighting
 + Level 2.9 Dodging
 + Level 3.0 Stealth
 + Level 5.1 Spellcasting
 + Level 3.1 Conjurations
 + Level 4.9 Fire Magic


You had 3 spell levels left.
You knew the following spells:

 Your Spells              Type           Power        Failure   Level  Hunger
a - Flame Tongue          Conj/Fire      ###..        2%          1    None
b - Conjure Flame         Conj/Fire      ###.....     6%          3    ##.....
c - Inner Flame           Hex/Fire       ###.....     12%         3    ##.....
d - Sticky Flame          Conj/Fire      ###.....     22%         4    ####...


Dungeon Overview and Level Annotations

Branches:
Dungeon (4/15)
 Temple: D:4-7

Altars:

Annotations:
D:3 Grinder; dududu's ghost, amateur KoFi


Message History

Confirm with . or Enter, or press ? or * to list all spells.
Aiming: Inner Flame
Press: ? - help, Shift-Dir - straight line, f - adder
Aim: an adder (chance to defeat MR: 77%)
The adder is filled with an inner flame.
The adder closely misses you. The adder bites you.
Casting: Inner Flame
Confirm with . or Enter, or press ? or * to list all spells.
Aiming: Sticky Flame
Press: ? - help, Shift-Dir - straight line, f/p - adder
Aim: an adder (inner flame)
The sticky flame hits the adder.
The adder is heavily wounded.
The adder is covered in liquid flames!
The adder burns!
The adder explodes!
The fiery explosion engulfs dududu's ghost.
Dududu's ghost is almost destroyed.
The fiery explosion engulfs you!
Ouch! That really hurt!
You die...

.. #..#.# ### P..#..#.###
#.. .P.......[# # #.#
#####.....# #.###
###.#######........# 8..
............##.....# .
###.##########.§W..# # #.#
#.#§### # # #.# #.#@###
#.. # #.# #.#...# ##### #
#.## ##.##### ..... # #.[#
#.....## # # ##### # ##.#
######......###. .## # #.#
#...............###.# #
##.###.####.......##..#..#
###.#.##.# #.†.....#
.#.#.## ##.###.#.##
##÷..#..# .#.<#.##


You could see dududu's ghost.

Vanquished Creatures
  A scorpion (D:4)
  Terence (D:2)
  A worker ant (D:4)
  Natasha (twice) (D:3)
  A hound skeleton (D:3)
  5 adders
  2 adder skeletons (D:3)
  3 dart slugs
  A leopard gecko (D:2)
  4 bats
  3 giant cockroaches (D:1)
  7 goblins
  3 hobgoblins
  2 kobolds
  2 ball pythons (D:2)
  2 frilled lizards
  A leopard gecko zombie (D:3)
  3 rats
44 creatures vanquished.

Notes
Turn   | Place    | Note
-------+----------+-------------------------------------------
     0 | D:1      | graki42 the Deep Elf Fire Elementalist began the quest for the Orb.
     0 | D:1      | Reached XP level 1. HP: 10/10 MP: 6/6
   123 | D:1      | Reached XP level 2. HP: 15/15 MP: 1/8
  1000 | D:2      | Reached XP level 3. HP: 12/19 MP: 6/10
  1330 | D:2      | Noticed Terence
  1369 | D:3      | Noticed Natasha
  1375 | D:3      | Killed Natasha
  1623 | D:2      | Killed Terence
  1623 | D:2      | Reached skill level 4 in Spellcasting
  1623 | D:2      | Reached XP level 4. HP: 4/24 MP: 1/12
  2024 | D:3      | Noticed dududu's ghost (amateur KoFi)
  2026 | D:3      | Noticed Grinder
  2205 | D:3      | Reached XP level 5. HP: 16/28 MP: 13/13
  2466 | D:3      | Learned a level 3 spell: Conjure Flame
  2470 | D:3      | Learned a level 3 spell: Inner Flame
  2475 | D:3      | Learned a level 4 spell: Sticky Flame
  2633 | D:4      | Reached skill level 5 in Spellcasting
  2834 | D:3      | Noticed Natasha
  2846 | D:3      | Killed Natasha
  3013 | D:3      | Killed from afar by an adder

Vault maps used:
D:1:      shiori_arrival_maze, serial_bayou_lake_a
D:2:      uniq_terence
D:3:      minitemple, serial_undead, serial_undead_c, serial_undead_e,
          serial_undead_e, serial_undead_a, corexii_leaking_fountain,
          uniq_grinder, uniq_natasha, uniq_crazy_yiuf_cottage
D:4:      yredelemnul_forgotten_temple_becter, hangedman_abyss_or_decor_slice

Skill      XL: |  1  2  3  4  5 |
---------------+----------------+-----
Conjurations   | 2 3 |  3.1
Fire Magic     | 4 |  4.9
Spellcasting   | 4 5 |  5.1
Stealth        | 3 |  3.0
Fighting       | |  0.5
Dodging        | |  2.9

Action                   |  1- 3 |  4- 6 || total
-------------------------+-------+-------++-------
 Cast: Flame Tongue      |    53 |    53 ||   106
       Conjure Flame     |       |     2 ||     2
       Sticky Flame      |       |     1 ||     1
       Inner Flame       |       |     1 ||     1
  Use: Potion            |     1 |       ||     1
  Eat: Chunk             |     2 |     3 ||     5
       Royal jelly       |       |     1 ||     1
Armor: Robe              |     2 |     1 ||     3
Dodge: Dodged            |    15 |    12 ||    27

Table legend:
 A = Spawn XP
 B = Non-spawn XP
 C = Spawn XP percentage of total XP
 D = Spawn monster count
 E = Non-spawn monster count
 F = Spawn count percentage of total count
 G = Total turns spent on level
                    A         B        C        D         E        F      G
               +---------+---------+-------+---------+---------+-------+---------
         Total |       0 |     360 |   0.0 |       0 |      44 |   0.0 |  3013
               +---------+---------+-------+---------+---------+-------+---------
           D:1 |       0 |      20 |   0.0 |       0 |      11 |   0.0 |   586
           D:2 |       0 |      70 |   0.0 |       0 |      13 |   0.0 |  1295
           D:3 |       0 |     151 |   0.0 |       0 |      17 |   0.0 |   636
           D:4 |       0 |     119 |   0.0 |       0 |       3 |   0.0 |   496
               +---------+---------+-------+---------+---------+-------+---------
